cohdb
Replays
Latest Replays
All Replays
Popular Replays
Top Player Replays
Match Explorer
How It Works
Community
CoH3 Stats
Reddit
Sign in to upload your games and track your stats! →
Sign in with Steam
Match 43486512
Unlisted
Match 43486512
Overview
Messages
Build Orders
End
Panzergrenadier Squad
Kradschützen Motorcycle Team
Selects Armored Support Battlegroup
Panzergrenadier Squad
Construct Light Support Kompanie
250 Light Carrier
Fire Support Elements
le.IG 18 Support Gun Team
Flakvierling Half-track
Selects Veteran Gunners
Assault Mechanized Group
MG34 Team
Selects Salvage Kits
Panzerjäger Squad
Construct Panzerarmee Kommand
General of the Felix Legions
Moltke1871
SgtHackermaaaann.NSG
Jabbas
0
0
Comments
sign in to comment!
No comments posted yet!